 Dungeon Crawl Stone Soup version 0.31.0-11-ge490571c62 (webtiles) character file.

Game seed: 7383044690173849774

39 qw the Shooter (level 3, 0/18 HPs)
             Began as a Spriggan Hunter on Feb 4, 2024.
             Slain by a black bear (3 damage)
             ... on level 5 of the Dungeon.
             The game lasted 00:00:04 (1795 turns).

qw the Shooter (Spriggan Hunter)                    Turns: 1795, Time: 00:00:05

Health: 0/18       AC:  2    Str:  7    XL:     3   Next: 26%
Magic:  4/4        EV: 19    Int: 10    God:
Gold:   230        SH:  5    Dex: 20    Spells: 2/2 levels left

rFire   . . .        a - +0 shortbow
rCold   . . .        (shield currently unavailable)
rNeg    . . .        c - +0 robe
rPois   .            (helmet restricted)
rElec   .            g - scarf {repulsion}
rCorr   .            (gloves unavailable)
SInv    +            (boots unavailable)
Will    .....        h - amulet of reflection
Stlth   ++           e - ring of willpower
HPRegen 0.23/turn    (no ring)
MPRegen 0.09/turn

%: repel missiles, reflection
@: weak-willed, very quick
A: very small, no large weapons, unfitting armour, see invisible, speed 3
a: no special abilities


You were on level 5 of the Dungeon.
You visited 1 branch of the dungeon, and saw 5 of its levels.

You collected 230 gold pieces.


Innate Abilities, Weirdness & Mutations

You are very small and have problems with some larger weapons.
You are too small for most types of armour.
You have supernaturally acute eyesight. (SInv)
You cover ground extremely quickly. (Speed+++)


   Skills:
 - Level 1.5 Fighting
 + Level 4.5 Ranged Weapons
 - Level 4.1 Dodging
 - Level 1.5 Stealth


You had 2 spell levels left.
You didn't know any spells.
Your spell library was empty.

Inventory:

Hand Weapons
 a - a +0 shortbow (weapon)
Armour
 c - a +0 robe (worn)
 g - a scarf of repulsion (worn)
Jewellery
 e - a ring of willpower (left hand)
 h - an amulet of reflection (around neck)
Potions
 b - a potion of heal wounds
 j - a potion of brilliance {unknown}

Dungeon Overview and Level Annotations

Branches:
Dungeon (6/15)
 Temple: D:4-7

Altars:


Message History

1780 ||| FLEEEEING.
1781 ||| READING scroll labelled DEPLUW XIASCH.
As you read the scroll labelled DEPLUW XIASCH, it crumbles to dust.
A wave of despondency washes over your surroundings.
It was a scroll of vulnerability.
1782 ||| FLEEEEING.
1783 ||| FLEEEEING.
1784 ||| FLEEEEING.
1785 ||| FLEEEEING.
Found a stone staircase leading down.
There is a stone staircase leading up here.
1786 ||| STAIRDANCE You climb upwards.
The black bear growls angrily.
Found an emerald ring.
There is a stone staircase leading down here.
Waypoint 4 assigned to D:5.
You shoot an arrow. The arrow hits the black bear.
The black bear is moderately wounded.
You shoot an arrow. The arrow hits the black bear.
The black bear is moderately wounded.
You shoot an arrow. The arrow hits the black bear!
The black bear is heavily wounded.
You shoot an arrow.
The arrow hits the black bear but does no damage.
The black bear is heavily wounded.
You shoot an arrow. The arrow hits the black bear.
The black bear is severely wounded.
You shoot an arrow.
The arrow hits the black bear but does no damage.
The black bear is severely wounded.
The black bear completely misses you. The black bear claws you.
The black bear misses you. The black bear completely misses you.
The black bear claws you. x2
You shoot an arrow. The arrow hits the black bear.
The black bear is severely wounded.
The black bear misses you. The black bear barely misses you.
The black bear completely misses you.
You shoot an arrow. The arrow barely misses the black bear.
The black bear bites you! The black bear barely misses you.
The black bear claws you.
You die...

#. .#
#.######.#
=........#
.........#
.........#
.........
........#
......h@+
........#
#+#####.#
#.# #.#
#.# #.#
#.#


You could see a black bear.

Vanquished Creatures
  An adder (D:2)
  A dart slug (D:1)
  2 bats
  4 endoplasms
  A giant cockroach (D:2)
  A goblin (D:1)
  3 hobgoblins
  2 quokkas
  2 ball pythons
  3 frilled lizards (D:1)
  4 kobolds
  3 rats
27 creatures vanquished.

Notes
Turn   | Place    | Note
-------+----------+-------------------------------------------
     0 | D:1      | qw the Spriggan Hunter began the quest for the Orb.
     0 | D:1      | Reached XP level 1. HP: 10/10 MP: 2/2
     0 | D:1      | 0 ||| qw: Version: 0.3-a-160-g6735b56
     0 | D:1      | 0 ||| qw: Game counter: 4882
     0 | D:1      | 0 ||| qw: Melee chars always use a shield: true
     0 | D:1      | 0 ||| qw: God list: Okawaru
     0 | D:1      | 0 ||| qw: Allow faded altars: false
     0 | D:1      | 0 ||| qw: Do Orc after clearing Dungeon:15 true
     0 | D:1      | 0 ||| qw: Do second Lair branch before Depths: true
     0 | D:1      | 0 ||| qw: Lair rune preference: random
     0 | D:1      | 0 ||| qw: Goals: Normal
     0 | D:1      | 0 ||| PLANNING D:1-11
    50 | D:1      | Reached skill level 3 in Dodging
   180 | D:1      | Reached XP level 2. HP: 14/14 MP: 3/3
   538 | D:1      | 538 ||| UPGRADING to scarf of repulsion.
   543 | D:1      | 543 ||| UPGRADING to ring of willpower.
   544 | D:1      | 544 ||| READING scroll labelled ZAESES CIOTU.
   548 | D:1      | 548 ||| READING 2 scrolls labelled ODORIU ZYVIXA.
   549 | D:1      | 549 ||| DROPPING scroll of butterflies.
  1171 | D:2      | Reached XP level 3. HP: 18/18 MP: 4/4
  1537 | D:2      | 1537 ||| UPGRADING to amulet of reflection.
  1542 | D:2      | 1542 ||| READING 2 scrolls of identify.
  1542 | D:2      | 1542 ||| IDENTIFYING ruby potion
  1543 | D:2      | 1543 ||| READING scroll of identify.
  1543 | D:2      | 1543 ||| IDENTIFYING scroll labelled IVUULY JUASUR
  1544 | D:2      | 1544 ||| READING scroll labelled DEVENUMOXE.
  1545 | D:2      | 1545 ||| DROPPING scroll of revelation.
  1734 | D:3      | You fall into a shaft and drop 3 floors!
  1778 | D:6      | 1778 ||| DROPPING amulet of regeneration.
  1779 | D:6      | 1779 ||| READING scroll labelled WEKAMI MOKAMU.
  1779 | D:6      | 1779 ||| ENCHANTING +0 shortbow.
  1780 | D:6      | 1780 ||| FLEEEEING.
  1781 | D:6      | 1781 ||| READING scroll labelled DEPLUW XIASCH.
  1782 | D:6      | 1782 ||| FLEEEEING.
  1783 | D:6      | 1783 ||| FLEEEEING.
  1784 | D:6      | 1784 ||| FLEEEEING.
  1785 | D:6      | 1785 ||| FLEEEEING.
  1786 | D:6      | 1786 ||| STAIRDANCE
  1787 | D:5      | Entered Level 5 of the Dungeon
  1787 | D:5      | Noticed a black bear
  1795 | D:5      | HP: 3/18 [black bear (7)]
  1795 | D:5      | Slain by a black bear

Levels and vault maps discovered:
D:1:      lemuel_arrival_rhombus, layout_loops_ring
D:2:      layout_basic
D:3:      layout_basic
D:5:      layout_basic, minmay_temple_entry_mist, gammafunk_ghost_mausoleum
D:6:      wad_pebble_path, layout_basic

Skill      XL: |  1  2 |
---------------+-------+-----
Dodging        | 3 4 |  4.1
Fighting       | |  1.5
Ranged Weapons | |  4.5
Stealth        | |  1.5

Action                     || total
---------------------------++-------
   Fire: Shortbow          ||    70
    Use: Scroll            ||     7
 Armour: Robe              ||     7
  Dodge: Dodged            ||    14
  Block: Other             ||     1

Table legend:
 A = Non-vault XP
 B = Vault XP
 C = Vault XP percentage of total XP
 D = Non-vault monster count
 E = Vault monster count
 F = Vault count percentage of total count
                 A         B        C        D         E       F
            +---------+---------+-------+---------+---------+-------
      Total |      56 |       0 |   0.0 |      27 |       0 |   0.0
            +---------+---------+-------+---------+---------+-------
        D:1 |      21 |       0 |   0.0 |      13 |       0 |   0.0
        D:2 |      27 |       0 |   0.0 |       9 |       0 |   0.0
        D:3 |       8 |       0 |   0.0 |       5 |       0 |   0.0
            +---------+---------+-------+---------+---------+-------
